 Dungeon Crawl Stone Soup version bcrawl-1.38.1 (webtiles) character file.

Game seed: 7370732588487217808

95325 Alturiack the Vexing (level 3, 0/21 HPs)
             Began as an Avariel Arcane Marksman on Apr 9, 2023.
             Slain by a hobgoblin (3 damage)
             ... on level 2 of the Dungeon.
             The game lasted 00:22:22 (1464 turns).

Alturiack the Vexing (Avariel Arcane Marksman)      Turns: 1464, Time: 00:22:22

Health: 0/21       AC:  2    Str:  8    XL:     3   Next: 31%
Magic:  9/9        EV: 13    Int: 18    God:
Gold:   23         SH:  0    Dex: 14    Spells: 7/8 levels left

rFire    . . .     GDR:     26% g - +0 short sword
rCold    . . .     SeeInvis .   (no shield)
rNeg     . . .     Gourm    .   c - +0 robe
rPois    .         Faith    .   (no helmet)
rElec    .         Spirit   .   (no cloak)
rCorr    .         Reflect  .   (no gloves)
MR       .....                  (no boots)
Stlth    +.........             (no amulet)
HPRegen  0.13/turn              (no ring)
MPRegen  0.11/turn              (no ring)

@: no status effects
A: no striking features
a: no special abilities


You were on level 2 of the Dungeon.
You were not hungry.

You visited 1 branch of the dungeon, and saw 2 of its levels.

You collected 23 gold pieces.

Inventory:

Hand Weapons
 a - a +1 shortbow
 b - a +0 dagger
 g - a +0 short sword (weapon)
 j - a +0 club
 o - a +0 spear
 r - a +0 club
 u - a +0 falchion
Missiles
 d - 759 stones (quivered)
 f - 587 arrows
Armour
 c - a +0 robe (worn)
 h - a +0 leather armour
 k - a +2 robe of fire resistance
 l - a +0 leather armour
 q - a +0 robe
Jewellery
 t - the cursed ring "Xucs" {+Blink Stlth--, unknown}
   (You found it on level 1 of the Dungeon)

   [ring of attention]

   It lets you blink.
   It makes you much less stealthy.
   It has a curse placed upon it.
Scrolls
 i - a scroll of identify
 m - a scroll of fear {unknown}
 p - a scroll of enchant armour {unknown}
Potions
 e - a potion of brilliance {unknown}
 n - a potion of curing {unknown}
 s - a potion of agility {unknown}
 v - a potion of magic {unknown}


   Skills:
 + Level 1.8 Fighting
 * Level 0.3 Short Blades
 - Level 3.4 Bows
 + Level 2.7 Dodging
 - Level 0.2 Stealth
 - Level 3.1 Spellcasting
 - Level 3.6 Hexes


You had 7 spell levels left.
You knew the following spells:

 Your Spells              Type           Power        Failure   Level  Hunger
a - Corona                Hex            ###....      3%          1    None

Your spell library contained the following spells:

 Spells                   Type           Power        Failure   Level  Hunger
 Shackle                  Hex            ###.....     5%          2    #......
 False Image              Hex/Summ       #.......     22%         3    ####...
 Inner Flame              Hex/Fire       N/A          22%         3    ####...
 Cause Fear               Hex            ###.......   36%         4    #####..
 Yara's Violent Unravell  Hex/Tmut       #.........   58%         4    #####..


Dungeon Overview and Level Annotations

Branches:
Dungeon (2/12)

Altars:


Message History

The hobgoblin hits you.
You hit the hobgoblin but do no damage.
The hobgoblin is severely wounded.
The hobgoblin hits you.
You hit the hobgoblin.
The hobgoblin is almost dead.
The hobgoblin closely misses you.
You closely miss the hobgoblin.
The hobgoblin is almost dead.
The hobgoblin hits you.
* * * LOW HITPOINT WARNING * * *
You are too injured to fight recklessly!
You are too injured to fight recklessly!
You are too injured to fight recklessly!
You are too injured to fight recklessly!
You are too injured to fight recklessly!
You closely miss the hobgoblin.
The hobgoblin is almost dead.
The hobgoblin hits you.
You die...

####.#
#..........# #.#
#..........# #.#
#..........# #.#
##..........#
+.##.........$..#
####............#
#.....##.#####
#............#
####....@....#
.......g..?.#
............#
............(..
###..........##
#######.>#+# ...
....


You could see a hobgoblin.

Vanquished Creatures
  2 leopard geckos
  2 bats (D:1)
  2 giant cockroaches (D:1)
  A goblin (D:1)
  6 hobgoblins
  5 jackals (D:1)
  A quokka (D:2)
  4 frilled lizards
  2 kobolds (D:1)
  4 rats
29 creatures vanquished.

Notes
Turn   | Place    | Note
-------+----------+-------------------------------------------
     0 | D:1      | Alturiack the Avariel Arcane Marksman began the quest for
                  | the Orb.
     0 | D:1      | Reached XP level 1. HP: 12/12 MP: 6/6
   298 | D:1      | Reached XP level 2. HP: 16/17 MP: 7/7
   987 | D:1      | Reached XP level 3. HP: 10/21 MP: 9/9
  1165 | D:1      | Got a pitted golden ring
  1464 | D:2      | Slain by a hobgoblin

Skill      XL: |  1  2 |
---------------+-------+-----
Bows           | 3 |  3.4
Spellcasting   | 3 |  3.1
Fighting       | |  1.8
Short Blades   | |  0.3
Dodging        | |  2.7
Stealth        | |  0.2
Hexes          | |  3.6

Action                   || total
-------------------------++-------
Melee: Shortbow          ||    10
       Dagger            ||     6
       Short sword       ||    16
 Fire: Shortbow          ||    74
 Cast: Corona            ||     1
  Eat: Chunk             ||     3
       Ration            ||     1
Armor: Robe              ||     9
Dodge: Dodged            ||    65
